 Dungeon Crawl Stone Soup version bcrawl-1.12-10-g10a67aac0f (webtiles) character file.

Game seed: 259327676841040391

3649 EnegeticOcto the Cleaver (level 9, 0/77 (79) HPs)
             Began as a Minotaur Sloth Apostle on June 13, 2019.
             Was a Priest of Cheibriados.
             Slain by a hippogriff (3 damage)
             ... on level 6 of the Dungeon.
             The game lasted 00:04:07 (6159 turns).

EnegeticOcto the Cleaver (Minotaur Sloth Apostle)   Turns: 6159, Time: 00:04:08

HP:   0/77 (79)     AC: 11    Str: 26 (27) XL:     9   Next: 88%
MP:   9/9           EV: 11    Int: 14 (17) God:    Cheibriados [***...]
Gold: 373           SH: 12    Dex: 16 (19) Spells: 9/10 levels left

rFire    . . .     SeeInvis .   a - +0 hand axe
rCold    . . .     Gourm    .   c - +0 shield
rNeg     . . .     Faith    .   h - +0 chain mail
rPois    .         Spirit   .   (helmet restricted)
rElec    .         Reflect  .   m - +0 cloak
rCorr    .         Harm     .   (no gloves)
MR       .....                  (no boots)
Stlth    ..........             (no amulet)
HPRegen  0.22/turn              (no ring)
MPRegen  0.11/turn              (no ring)

@: very slow
A: retaliatory headbutt, horns 2
a: Bend Time, Temporal Distortion, Renounce Religion


You were on level 6 of the Dungeon.
You worshipped Cheibriados.
Cheibriados was most pleased with you.
You were not hungry.

You visited 1 branch of the dungeon, and saw 6 of its levels.

You collected 373 gold pieces.

Inventory:

Hand Weapons
 a - a +0 hand axe (weapon)
Armour
 c - a +0 shield (worn)
 h - a +0 chain mail (worn)
 m - a +0 cloak (worn)
Wands
 d - a wand of paralysis (2)
Scrolls
 b - 5 scrolls of identify {@r1}
 j - 3 scrolls of remove curse {@r2}
 k - 3 scrolls of teleportation {@r3 !r}
 n - a scroll of fear {!r}
 s - a scroll of fog {!r}
Potions
 f - 7 potions of curing {@q1 !q}
 p - a potion of cancellation
 q - a potion of brilliance
 r - 2 potions of magic
Comestibles
 e - 11 rations {!d}


   Skills:
 + Level 7.3 Fighting
 * Level 10.1 Axes
 + Level 6.7 Armour
 + Level 6.1 Dodging
 - Level 2.6 Stealth
 + Level 7.2 Shields
 - Level 1.0 Spellcasting
 - Level 0.5 Hexes
 - Level 0.8 Evocations


You had 9 spell levels left.
You knew the following spells:

 Your Spells              Type           Power        Failure   Level  Hunger
a - Slow                  Hex            #.......     97%         1    ##.....

Your spell library contained the following spells:

 Spells                   Type           Power        Failure   Level  Hunger
 Beastly Appendage        Tmut           #.....       98%         1    ##.....
 Sticks to Snakes         Tmut           #.......     99%         2    ###....
 Spider Form              Tmut/Pois      #.........   100%        3    ####...
 Ice Form                 Ice/Tmut       #.......     100%        4    #####..
 Blade Hands              Tmut           #.........   100%        5    ######.


Dungeon Overview and Level Annotations

Branches:
Dungeon (6/12)             Temple (0/1) D:5

Altars:
Fedhas
Gozag
Makhleb
Qazlal
Sif Muna


Innate Abilities, Weirdness & Mutations

You reflexively headbutt those who attack you in melee.
You have a pair of horns on your head.


Message History

The puff of flame hits you!
A magic dart appears from out of thin air!
The magic dart hits you!
* * * LOW HITPOINT WARNING * * *
You are too injured to fight recklessly!
You are too injured to fight recklessly!
You are too injured to fight recklessly!
Really read
k - 4 scrolls of teleportation {@r3 !r}?
As you read the scroll of teleportation {@r3 !r}, it crumbles to dust.
You feel strangely unstable. Something hits you but does no damage.
You block something's attack.
The orc warrior hits you but does no damage.
You hear some strange, mumbled words.
A puff of flame appears from out of thin air!
The puff of flame hits you!
* * * LOW HITPOINT WARNING * * *
You block the orc warrior's attack.
Found 13 gold pieces.
Found a stone staircase leading down.
Your surroundings suddenly seem different.
An orc comes into view. It is wielding a +0 trident.
The orc shouts!
A hippogriff comes into view.
The hippogriff screeches!
An orc comes into view. It is wielding a +0 mace.
An orc priest comes into view.
An orc comes into view. It is wielding a +0 flail.
The orc priest shouts!
You block the orc's attack. The orc barely misses you.
You block the hippogriff's attack. The hippogriff barely misses you.
The hippogriff claws you.
* * * LOW HITPOINT WARNING * * *
The orc hits you but does no damage. The hippogriff misses you.
You block the hippogriff's attack. The hippogriff misses you.
You slash the hippogriff! Your headbutt misses the hippogriff.
The hippogriff is moderately wounded.
You hit the orc priest. You barely miss the orc. You slash the orc!
You kill the orc!
Cheibriados thoroughly appreciates the change of pace.
You block the orc's attack. You block the orc priest's attack.
You hit the orc priest but do no damage.
You headbutt the orc priest.
The orc priest is heavily wounded.
Your shield and chain mail prevent you from hitting the orc.
You hit the hippogriff.
The hippogriff bites you but does no damage.
The hippogriff pecks you but does no damage.
You block the hippogriff's attack.
You hit the orc priest.
The orc priest is severely wounded.
You hit the orc. You hit the hippogriff.
The orc priest invokes the aid of Beogh against you.
You struggle to resist.
The orc barely misses you.
The hippogriff bites you but does no damage.
The hippogriff pecks you but does no damage.
The hippogriff barely misses you.
Your shield and chain mail prevent you from hitting the orc priest.
The orc priest is severely wounded.
You hit the hippogriff. You hit the orc but do no damage.
You block the hippogriff's attack. x3; The orc hits you with a +0 mace.
* * * LOW HITPOINT WARNING * * *
The orc priest hits you but does no damage.
You slash the orc priest!
You kill the orc priest!
Cheibriados appreciates the change of pace.
Your shield and chain mail prevent you from hitting the orc.
You hit the hippogriff. The hippogriff closely misses you.
You block the hippogriff's attack.
The hippogriff claws you but does no damage.
You barely miss the hippogriff.
The hippogriff is heavily wounded.
You closely miss the orc. You hit the orc but do no damage.
The orc barely misses you. The orc closely misses you.
The hippogriff misses you. The hippogriff closely misses you.
You block the hippogriff's attack.
You hit the hippogriff but do no damage.
The hippogriff is heavily wounded.
You hit the orc. x2; The orc closely misses you.
You hit the hippogriff but do no damage.
You headbutt the hippogriff!
The hippogriff is severely wounded.
You barely miss the orc. x2; The orc closely misses you.
The hippogriff bites you.
* * * LOW HITPOINT WARNING * * *
The hippogriff pecks you.
* * * LOW HITPOINT WARNING * * *
The hippogriff closely misses you. The orc hits you but does no damage.
You barely miss the hippogriff. Your headbutt misses the hippogriff.
The hippogriff is severely wounded.
You hit the orc but do no damage. You hit the orc.
You kill the orc!
Cheibriados thoroughly appreciates the change of pace.
You block the hippogriff's attack. x2; The hippogriff barely misses you.
The orc barely misses you.
You hit the hippogriff but do no damage.
The hippogriff is severely wounded.
You slash the orc!
You kill the orc!
Cheibriados thoroughly appreciates the change of pace.
The hippogriff barely misses you. The hippogriff pecks you.
You die...

### .........#
... #....
#........# #.
'.... +..>.....#
+
#....###........#
# #............
#..........#
#..........#
#....†H)...#
#...)@....#
######....#
#....# ######


You could see a hippogriff.

Vanquished Creatures
  A two-headed ogre (D:6)
  Pikel (D:4)
  Grinder (D:4)
  3 ice beasts
  Duvessa (D:4)
  5 sky beasts
  2 ogres
  A necrophage (D:5)
  5 centaurs
  2 bullfrogs
  Dowan (D:4)
  A scorpion (D:5)
  2 howler monkeys (D:4)
  4 crimson imps
  A bullfrog zombie (D:5)
  4 orc priests
  Crazy Yiuf (D:2)
  2 bullfrog skeletons (D:5)
  A centaur skeleton (D:5)
  3 orc wizards
  3 worker ants (D:5)
  A howler monkey skeleton (D:5)
  2 adders (D:3)
  A shadow imp (D:5)
  An adder zombie (D:4)
  A worm (D:3)
  5 dart slugs
  5 leopard geckos
  17 orcs
  2 giant cockroaches
  7 goblins
  6 hobgoblins
  6 jackals
  4 quokkas
  A ball python (D:5)
  4 bats
  A frilled lizard (D:3)
  2 jackal skeletons
  6 kobolds
  2 rats
119 creatures vanquished.

Vanquished Creatures (others)
  A slave (D:4)
  An adder skeleton (D:4)
  2 jackals (D:4)
4 creatures vanquished.

Grand Total: 123 creatures vanquished

Notes
Turn   | Place    | Note
-------+----------+-------------------------------------------
     0 | D:1      | EnegeticOcto the Minotaur Sloth Apostle began the quest for
                  | the Orb.
     0 | D:1      | Reached XP level 1. HP: 18/18 MP: 1/1
   378 | D:1      | Reached XP level 2. HP: 25/25 MP: 2/2
   389 | D:1      | Reached skill level 3 in Axes
   947 | D:1      | Reached skill level 1 in Dodging
  1110 | D:2      | Reached skill level 1 in Armour
  1136 | D:2      | Found an opulent altar of Gozag.
  1169 | D:2      | Reached XP level 3. HP: 27/30 MP: 3/3
  1604 | D:2      | Reached * piety under Cheibriados
  1851 | D:2      | Found a runed door.
  1969 | D:2      | Noticed Crazy Yiuf
  1980 | D:2      | Killed Crazy Yiuf
  1980 | D:2      | Reached XP level 4. HP: 38/38 MP: 4/4
  2176 | D:3      | Reached skill level 4 in Axes
  2316 | D:3      | Reached XP level 5. HP: 20/45 MP: 5/5
  2653 | D:3      | Found a burning altar of Makhleb.
  2799 | D:4      | Noticed an ogre
  2808 | D:4      | Killed an ogre
  2808 | D:4      | Reached ** piety under Cheibriados
  2808 | D:4      | Reached XP level 6. HP: 23/52 MP: 6/6
  3016 | D:4      | Reached skill level 5 in Axes
  3042 | D:4      | Found a blossoming altar of Fedhas.
  3046 | D:4      | Noticed a sky beast
  3055 | D:4      | Killed a sky beast
  3128 | D:4      | Noticed a slave
  3128 | D:4      | Noticed a slave
  3132 | D:4      | Noticed a slave
  3133 | D:4      | Noticed Pikel
  3138 | D:4      | Noticed a slave
  3150 | D:4      | Killed Pikel
  3150 | D:4      | Reached skill level 6 in Axes
  3150 | D:4      | Reached XP level 7. HP: 21/60 MP: 7/7
  3395 | D:4      | Noticed Grinder
  3403 | D:4      | Killed Grinder
  3403 | D:4      | Reached skill level 5 in Fighting
  3403 | D:4      | Reached skill level 7 in Axes
  3403 | D:4      | Reached skill level 5 in Shields
  3403 | D:4      | Reached XP level 8. HP: 68/68 MP: 8/8
  3466 | D:4      | Noticed Dowan
  3468 | D:4      | Killed Dowan
  3469 | D:4      | Noticed Duvessa
  3480 | D:4      | Killed Duvessa
  4043 | D:5      | Entered Level 5 of the Dungeon
  4119 | D:5      | Reached skill level 8 in Axes
  4119 | D:5      | Reached skill level 5 in Armour
  4322 | D:5      | Reached *** piety under Cheibriados
  4337 | D:5      | Reached skill level 5 in Dodging
  4337 | D:5      | Reached XP level 9. HP: 33/75 MP: 9/9
  4976 | D:5      | Reached skill level 9 in Axes
  5330 | D:5      | Found a staircase to the Ecumenical Temple.
  5622 | D:6      | Noticed a two-headed ogre
  5637 | D:6      | Killed a two-headed ogre
  5746 | D:6      | Found a deep blue altar of Sif Muna.
  6034 | D:6      | Reached skill level 10 in Axes
  6107 | D:6      | Found a stormy altar of Qazlal.
  6157 | D:6      | HP: 3/77 [hippogriff (2)]
  6159 | D:6      | Slain by a hippogriff

Skill      XL: |  1  2  3  4  5  6  7  8  9 |
---------------+----------------------------+-----
Axes           | 3 4 6 7 8 10 | 10.1
Dodging        | 1 2 3 5 6 |  6.1
Armour         | 1 2 4 5 6 |  6.7
Fighting       | 3 4 5 6 7 |  7.3
Shields        | 3 4 5 6 7 |  7.2
Stealth        | |  2.6
Spellcasting   | |  1.0
Hexes          | |  0.5
Evocations     | |  0.8

Action                   |  1- 3 |  4- 6 |  7- 9 || total
-------------------------+-------+-------+-------++-------
Melee: Hand axe          |    71 |   112 |   192 ||   375
       Headbutt          |     9 |    31 |    59 ||    99
Evoke: Wand              |     2 |     2 |     4 ||     8
  Use: Scroll            |       |       |    12 ||    12
       Potion            |       |       |     1 ||     1
 Stab: Sleeping          |     3 |       |       ||     3
       Paralysed         |     8 |     6 |     8 ||    22
  Eat: Chunk             |     4 |     1 |     2 ||     7
       Ration            |       |       |     1 ||     1
Armor: Robe              |    12 |       |       ||    12
       Chain mail        |    14 |    35 |    59 ||   108
Dodge: Dodged            |    26 |    19 |    87 ||   132
Block: Shield            |    32 |    69 |    95 ||   196
